 Dungeon Crawl Stone Soup version 0.24-a0-250-g6074511 (webtiles) character file.

Game seed: 14995808112164138514

23 Borgoz the Cutter (level 3, 0/22 HPs)
             Began as a Kobold Gladiator on Apr 14, 2019.
             Slain by an orc wizard
             ... wielding a +0 dagger
              (2 damage)
             ... on level 2 of the Dungeon.
             The game lasted 00:01:29 (846 turns).

Borgoz the Cutter (Kobold Gladiator)                 Turns: 846, Time: 00:01:29

Health: 0/22       AC:  4    Str: 12    XL:     3   Next: 12%
Magic:  3/3        EV: 16    Int:  9    God:
Gold:   43         SH:  0    Dex: 16    Spells: 2/2 levels left

rFire    . . .     SeeInvis .   i - +0 short sword (curse)
rCold    . . .     Gourm    .   (shield restricted)
rNeg     . . .     Faith    .   b - +0 leather armour
rPois    .         Spirit   .   c - +0 helmet
rElec    .         Reflect  .   (no cloak)
rCorr    .         Harm     .   (no gloves)
MR       .....                  (no boots)
Stlth    ++........             (no amulet)
HPRegen  0.07/turn              (no ring)
MPRegen  0.08/turn              (no ring)

@: hasted, very quick
A: small, carnivore
a: no special abilities


You were on level 2 of the Dungeon.
You were not hungry.

You visited 1 branch of the dungeon, and saw 2 of its levels.

You collected 43 gold pieces.

Inventory:

Hand Weapons
 a - a +0 rapier
 i - a cursed +0 short sword (weapon)
Missiles
 d - 3 throwing nets (quivered)
Armour
 b - a +0 leather armour (worn)
 c - a +0 helmet (worn)
Scrolls
 e - 2 scrolls of identify {unknown}
 h - a scroll of magic mapping {unknown}
Comestibles
 f - 2 rations


   Skills:
 + Level 2.5 Fighting
 + Level 4.3 Short Blades
 - Level 2.1 Throwing
 + Level 0.6 Armour
 + Level 3.9 Dodging
 + Level 1.4 Stealth


You had 2 spell levels left.
You didn't know any spells.
Your spell library was empty.

Dungeon Overview and Level Annotations

Branches:
Dungeon (2/15)

Altars:


Innate Abilities, Weirdness & Mutations

You are small and have problems with some larger weapons.
You are carnivorous and can eat meat at any time.


Message History

You kill the hobgoblin!
It was a potion of haste.
You feel yourself speed up.
You closely miss the orc wizard. You hit the orc wizard.
The orc wizard is lightly wounded.
The orc wizard hits you but does no damage.
A goblin comes into view.
You closely miss the orc wizard.
The orc wizard is lightly wounded.
An orc warrior comes into view. It is wielding a +0 hand axe.
The orc warrior shouts!
You hit the orc wizard.
The orc wizard is heavily wounded.
The orc wizard gestures at you while chanting.
The magic dart hits you!
* * * LOW HITPOINT WARNING * * *
You barely miss the orc wizard.
The orc wizard is heavily wounded.
The orc wizard hits you with a +0 dagger.
You die...

#.........(.#
#.........#.#
#.........#(#
...##...#.#(#
... #####.#.#
.. #.#.#
#.#)#####
#.#.....#
#.#####@# #.#
#o# #.# #K#


.og .o# .... .### .. You could see an orc warrior, an orc wizard, an orc, a
goblin and a kobold.

Vanquished Creatures
  An ooze (D:1)
  2 leopard geckos (D:1)
  A bat (D:1)
  2 goblins (D:1)
  3 hobgoblins
  6 frilled lizards (D:1)
  2 kobolds
17 creatures vanquished.

Notes
Turn   | Place    | Note
-------+----------+-------------------------------------------
     0 | D:1      | Borgoz the Kobold Gladiator began the quest for the Orb.
     0 | D:1      | Reached XP level 1. HP: 12/12 MP: 1/1
    85 | D:1      | Reached XP level 2. HP: 18/18 MP: 2/2
   125 | D:1      | Reached skill level 1 in Stealth
   680 | D:1      | Reached XP level 3. HP: 22/22 MP: 3/3
   844 | D:2      | Noticed an orc warrior
   846 | D:2      | Slain by an orc wizard

Levels and vault maps discovered:
D:1:      minmay_arrival_glassed_features, layout_basic, hex_large,
          item_on_display_a
D:2:      layout_loops_ring, uniq_robin, uniq_terence

Skill      XL: |  1  2 |
---------------+-------+-----
Stealth        | 1 |  1.4
Fighting       | |  2.5
Short Blades   | |  4.3
Throwing       | |  2.1
Armour         | |  0.6
Dodging        | |  3.9

Action                   || total
-------------------------++-------
Melee: Rapier            ||    49
       Short sword       ||     9
  Use: Potion            ||     1
 Stab: Sleeping          ||     1
  Eat: Chunk             ||     3
Armor: Leather armour    ||    13
Dodge: Dodged            ||    36

Table legend:
 A = Non-vault XP
 B = Vault XP
 C = Vault XP percentage of total XP
 D = Non-vault monster count
 E = Vault monster count
 F = Vault count percentage of total count
                 A         B        C        D         E       F
            +---------+---------+-------+---------+---------+-------
      Total |      34 |       0 |   0.0 |      17 |       0 |   0.0
            +---------+---------+-------+---------+---------+-------
        D:1 |      30 |       0 |   0.0 |      15 |       0 |   0.0
        D:2 |       4 |       0 |   0.0 |       2 |       0 |   0.0
            +---------+---------+-------+---------+---------+-------
